Map: Lost and Found LE

Players

NOTAKON - Winner!

  • Race: Terran Terran
  • League: Master
  • Spawn Location: 7:00

Early

  • Race: Protoss Protoss
  • League: Master
  • Spawn Location: 1:00

VOD

Have the link to the VOD?

Description

Time

  • Played on: Sept. 17, 2018, 2:06 a.m.
  • Length: 18:41
Show
View Real Time Build Order
Export as new Build Order

NOTAKON Terran - Winner!

Build Orders: Reaper Expand, Bio Tank 

Get SALT Encoding   

  12  0:00  SCV  
  13  0:13  SCV  
  14  0:17  Supply Depot  
  14  0:25  SCV  
  15  0:39  SCV  
  15  0:40  Barracks  
  16  0:44  Refinery  
  16  0:51  SCV  
  17  1:03  SCV  
  18  1:15  SCV  
  19  1:27  Orbital Command  
  19  1:28  Reaper  
  20  1:46  Command Center  
  20  1:54  SCV  
  21  2:04  Marine  
  21  2:05  Supply Depot  
  22  2:11  SCV  
  23  2:18  Bunker  
  23  2:33  SCV, Marine  
  23  2:35  Factory  
  24  2:50  SCV  
  24  2:51  Marine  
  26  2:59  Orbital Command  
  26  3:02  SCV  
  27  3:08  Refinery  
  27  3:09  Marine  
  28  3:14  SCV  
  28  3:17  Engineering Bay  
  28  3:19  Widow Mine  
  31  3:26  SCV  
  32  3:28  Barracks Reactor  
  32  3:30  SCV  
  32  3:34  Starport  
  32  3:39  SCV  
  33  3:42  SCV  
  33  3:43  Supply Depot, Widow Mine  
  36  3:51  SCV  
  36  3:55  SCV  
  38  3:59  Terran Infantry Weapons Level 1  
  38  4:03  SCV  
  38  4:04  Marine x2  
  38  4:07  SCV  
  38  4:09  Widow Mine  
  44  4:12  Missile Turret  
  44  4:15  Medivac, SCV  
  47  4:17  Supply Depot  
  47  4:19  SCV  
  48  4:27  SCV  
  48  4:31  SCV  
  52  4:33  Barracks, Factory Tech Lab  
  52  4:36  Barracks Tech Lab  
  50  4:40  SCV  
  50  4:43  SCV  
  51  4:51  Siege Tank  
  51  4:52  Starport Reactor, SCV  
  55  4:55  Supply Depot, SCV  
  55  4:57  Refinery  
  55  4:58  Refinery  
  56  5:01  Marine  
  56  5:04  SCV  
  58  5:07  SCV  
  58  5:08  Stimpack  
  57  5:16  SCV  
  57  5:19  SCV, Marine  
  60  5:22  Marine  
  60  5:23  Marine  
  60  5:28  SCV  
  63  5:31  SCV  
  64  5:36  Marine  
  64  5:37  Siege Tank  
  64  5:40  SCV, Marine  
  70  5:46  Barracks  
  70  5:47  Supply Depot x2  
  70  5:48  Supply Depot  
  70  5:49  Command Center  
  70  5:59  Barracks  
  70  6:03  Terran Infantry Armor Level 1  
  70  6:08  Marine x3  
  70  6:09  Medivac x2, SCV x2  
  79  6:21  Siege Tank, SCV x2  
  82  6:26  Marine  
  82  6:28  Marine  
  82  6:29  Marauder  
  86  6:33  SCV x2  
  86  6:38  Supply Depot, Barracks Tech Lab, Medivac x2  
  92  6:44  Marine  
  92  6:45  SCV  
  94  6:47  Barracks Reactor  
  94  6:54  Liberator  
  94  6:55  Supply Depot  
  94  6:57  Supply Depot  
  94  6:59  Siege Tank, SCV x2  
  99  7:04  Orbital Command  
  99  7:06  Marauder x2, Marine x2  
  99  7:07  Liberator  
  105  7:11  SCV  
  109  7:23  Marine  
  109  7:25  SCV x2  
  109  7:27  Orbital Command  
  109  7:29  Marine x3  
  118  7:33  Siege Tank  
  122  7:37  Supply Depot, SCV  
  122  7:39  SCV  
  122  7:41  Marauder  
  125  7:46  Marine x2  
  125  7:48  Armory  
  125  7:49  SCV  
  128  7:51  SCV  
  128  7:53  Combat Shields  
  128  7:55  Refinery  
  128  7:56  SCV  
  128  8:00  Refinery  
  128  8:01  Concussive Shells  
  128  8:03  SCV x2  
  130  8:08  SCV  
  130  8:09  Marauder, Marine  
  132  8:18  Siege Tank, SCV x2  
  134  8:21  SCV, Marine x3  
  134  8:25  Missile Turret  
  140  8:27  Marauder, Marine  
  141  8:39  Engineering Bay  
  141  8:40  Terran Infantry Weapons Level 2  
  141  8:51  Liberator  
  141  8:57  Liberator  
  141  9:00  SCV  
  141  9:05  SCV, Marine  
  141  9:06  SCV, Marine x2  
  141  9:07  Marine x2  
  137  9:12  Marauder, SCV  
  137  9:18  SCV x2  
  137  9:23  Marine  
  140  9:24  SCV  
  141  9:32  Supply Depot  
  141  9:36  Liberator  
  141  9:39  Supply Depot  
  141  9:41  Ghost Academy  
  141  9:45  Barracks  
  141  9:48  Command Center  
  141  9:53  Siege Tank  
  141  9:54  SCV x3, Marine  
  128  10:02  Marauder, Marine x2  
  128  10:04  Marauder, Marine  
  128  10:06  SCV x2  
  131  10:11  Marine  
  131  10:12  SCV  
  123  10:15  Medivac  
  123  10:20  Marine x2  
  121  10:24  Marauder  
  121  10:25  Siege Tank  
  123  10:30  Marauder, Marine x2  
  123  10:31  SCV x2  
  122  10:36  Medivac  
  122  10:37  Barracks Tech Lab, Marine  
  122  10:38  Marine  
  122  10:42  Terran Infantry Armor Level 2  
  126  10:45  Marauder, Barracks, Medivac  
  126  10:46  Barracks  
  126  10:48  Barracks, Marine x2  
  126  10:51  Ghost  
  128  10:57  Ghost, Siege Tank, Marine x2  
  135  11:06  Ghost, Barracks x2, Medivac  
  135  11:07  Barracks  
  138  11:15  Medivac  
  135  11:19  Marine  
  135  11:20  Marauder  
  135  11:24  Marine  
  132  11:26  Marauder  
  132  11:29  Siege Tank, Marine  
  132  11:30  Marine  
  138  11:33  Terran Infantry Weapons Level 3  
  138  11:35  Marauder  
  138  11:36  Medivac  
  142  11:40  Command Center, Terran Vehicle Weapons Level 1  
  142  11:45  Barracks Tech Lab x2, Medivac  
  142  11:46  Barracks Tech Lab  
  144  11:49  Liberator  
  144  11:50  Command Center  
  144  11:53  SCV x2  
  144  11:54  SCV, Factory  
  147  12:01  Siege Tank, Barracks Reactor  
  147  12:02  Marine x2  
  147  12:05  SCV  
  156  12:08  Marine  
  156  12:10  Refinery  
  156  12:12  Refinery  
  156  12:13  Sensor Tower  
  157  12:32  Supply Depot  
  157  12:33  Supply Depot, Ghost x2, Marine x4  
  157  12:35  Supply Depot  
  165  12:44  Personal Cloaking  
  165  12:46  Marauder, SCV  
  165  12:51  Siege Tank, SCV, Marine  
  165  12:52  Marauder x2  
  165  12:54  Marine x5  
  165  12:57  Planetary Fortress  
  179  13:04  Ghost  
  181  13:06  Marine x2  
  181  13:07  Marine  
  181  13:09  Marine  
  181  13:11  Command Center  
  181  13:12  Ghost  
  182  13:18  Ghost, Factory Tech Lab  
  182  13:19  Marine x4  
  189  13:20  Marine  
  189  13:23  Ghost, Siege Tank  
  196  13:33  Refinery  
  196  13:37  Refinery  
  185  13:41  Liberator x2  
  185  13:42  Ghost, Marine  
  185  13:45  Marauder, Marine x2  
  175  13:48  Terran Infantry Armor Level 3  
  171  13:56  Marine  
  171  13:57  Marauder  
  171  14:00  Marine x2  
  171  14:01  Marine  
  171  14:02  Marine x3  
  182  14:03  Marine x2  
  182  14:06  Marine  
  182  14:07  Planetary Fortress  
  185  14:11  Marine  
  185  14:14  Marine  
  187  14:18  Siege Tank, Marine x4  
  187  14:19  Ghost  
  187  14:20  Marine x2  
  187  14:21  Marine x2  
  200  14:25  Building Armor  
  200  14:30  Command Center  
  198  14:55  Ghost  
  198  14:56  Marine x2  
  198  15:05  Ghost  
  198  15:06  Marine x3  
  194  15:09  Barracks  
  194  15:10  Barracks  
  194  15:13  Barracks  
  183  15:15  Barracks  
  183  15:17  Barracks  
  181  15:30  Factory  
  181  15:31  Factory  
  155  15:49  Missile Turret  
  152  15:53  Missile Turret  
  147  16:24  Factory Tech Lab x2  
  145  16:25  Planetary Fortress  
  141  16:51  Engineering Bay  
  136  17:26  Missile Turret  
  136  17:28  Missile Turret  
  136  17:29  Missile Turret  
  133  17:31  Missile Turret  
  126  17:45  Command Center, Factory Tech Lab  
  126  17:57  Barracks Tech Lab  
  126  18:03  Ghost Academy  
  126  18:05  Missile Turret  
  126  18:14  Starport  
  126  18:16  Factory Tech Lab  
Show
View Real Time Build Order
Export as new Build Order

Early Protoss 

Build Orders: Zealot Archon 

Get SALT Encoding   

  12  0:01  Probe  
  13  0:14  Probe  
  14  0:19  Pylon  
  14  0:26  Probe  
  15  0:35  Probe  
  15  0:40  Gateway  
  16  0:43  Probe  
  17  0:50  Assimilator  
  17  0:52  Probe  
  18  1:00  Pylon  
  18  1:04  Probe  
  19  1:16  Probe  
  20  1:18  Gateway  
  20  1:27  Cybernetics Core  
  20  1:31  Probe  
  20  1:55  Stalker  
  20  1:56  Stalker  
  24  2:14  Nexus  
  24  2:26  Stalker  
  26  2:33  Stalker  
  26  2:53  Probe  
  26  2:56  Assimilator  
  27  3:08  Probe  
  28  3:22  Probe  
  28  3:23  Twilight Council  
  28  3:25  Probe  
  29  3:33  Probe, Warp Gate  
  29  3:34  Probe  
  32  3:43  Probe  
  32  3:46  Probe  
  34  3:49  Gateway  
  34  3:53  Pylon  
  34  3:55  Probe  
  35  3:56  Pylon  
  35  3:58  Probe  
  36  4:03  Dark Shrine  
  36  4:07  Probe  
  37  4:14  Probe  
  38  4:17  Pylon  
  38  4:19  Assimilator, Probe  
  38  4:22  Assimilator  
  39  4:27  Probe  
  40  4:36  Probe  
  41  4:40  Pylon  
  41  4:46  Probe  
  41  4:48  Probe  
  43  4:58  Forge  
  43  4:59  Probe  
  44  5:00  Nexus, Probe  
  44  5:02  Pylon  
  44  5:06  Blink  
  45  5:15  Protoss Ground Weapons Level 1  
  43  5:23  Probe x2  
  45  5:35  Probe  
  46  5:36  Dark Templar  
  46  5:37  Dark Templar x2  
  46  5:39  Probe  
  53  5:46  Pylon  
  53  5:47  Probe  
  52  5:58  Probe  
  52  5:59  Probe  
  52  6:02  Gateway  
  52  6:03  Gateway  
  54  6:06  Gateway  
  54  6:08  Gateway  
  54  6:10  Probe  
  56  6:11  Probe  
  54  6:22  Probe x2  
  56  6:27  Probe  
  56  6:30  Sentry x2, Pylon  
  56  6:31  Sentry  
  63  6:34  Probe x2  
  63  6:37  Pylon  
  65  6:50  Pylon, Probe  
  65  6:51  Probe  
  65  6:52  Charge  
  67  6:57  Gateway  
  67  6:59  Gateway  
  67  7:01  Dark Templar x2  
  69  7:02  Stalker, Gateway  
  73  7:09  Stalker x2  
  73  7:11  Stalker, Protoss Ground Weapons Level 2, Archon  
  73  7:14  Probe x2  
  81  7:17  Pylon  
  81  7:29  Zealot  
  82  7:43  Zealot x5  
  92  7:48  Probe x3  
  92  7:49  Pylon  
  92  7:51  Pylon  
  95  7:54  Zealot  
  95  8:00  Dark Templar  
  97  8:19  Stalker x5  
  105  8:20  Stalker x3  
  109  8:30  Probe x3  
  110  8:42  Zealot x6  
  110  8:43  Zealot x3  
  103  9:14  Zealot x3  
  103  9:15  Zealot x6  
  105  9:17  Protoss Ground Armor Level 1  
  105  9:22  Pylon  
  105  9:30  Zealot x3  
  109  9:35  Zealot  
  109  9:36  Zealot x5  
  113  9:53  Zealot x3  
  113  9:58  Zealot x2  
  113  9:59  Zealot x3  
  92  10:07  Probe x2  
  92  10:08  Probe  
  75  10:19  Probe  
  75  10:20  Probe x2  
  73  10:21  Zealot x2  
  73  10:22  Zealot x2  
  73  10:23  Stalker x4  
  86  10:31  Probe  
  86  10:32  Probe x2  
  87  10:40  Zealot  
  89  10:44  Probe x3  
  89  10:49  Stalker x2  
  96  10:50  Stalker x2  
  96  10:51  Dark Templar x2  
  102  10:57  Templar Archives, Archon  
  102  11:00  Probe x3  
  105  11:07  Assimilator  
  105  11:10  Assimilator  
  91  11:38  High Templar  
  91  11:39  High Templar x4  
  99  11:40  Zealot, High Templar  
  99  11:41  Zealot x2  
  99  11:42  Probe x2  
  109  11:48  Archon x2  
  109  11:49  Archon  
  109  11:54  Probe x2  
  109  11:55  Probe  
  109  11:57  Nexus  
  109  11:59  Pylon  
  112  12:01  Assimilator  
  112  12:03  Zealot x3  
  118  12:11  Zealot x2  
  118  12:12  Zealot x3  
  128  12:24  Stalker  
  128  12:25  Stalker x2  
  134  12:32  High Templar x2  
  134  12:33  Pylon  
  134  12:35  High Templar  
  134  12:36  High Templar  
  142  12:37  Zealot x2  
  142  12:39  Archon  
  142  12:40  Archon  
  146  12:57  Stalker x3  
  148  12:59  Protoss Ground Armor Level 2  
  148  13:00  Zealot x2  
  150  13:12  Zealot x4  
  158  13:18  Probe x3  
  158  13:19  Probe  
  162  13:24  Zealot x2  
  162  13:25  Zealot x3  
  172  13:36  Probe  
  157  13:47  Zealot x4  
  157  13:48  Zealot x5  
  119  14:01  Probe x3  
  114  14:02  Pylon  
  114  14:05  Probe  
  115  14:12  High Templar x3  
  115  14:13  High Templar  
  115  14:14  High Templar x2  
  115  14:15  Zealot x3  
  133  14:18  Archon x3  
  133  14:23  Probe x2  
  135  14:32  Zealot  
  137  14:38  Zealot x2  
  137  14:39  Zealot x4  
  140  15:04  Dark Templar x5  
  115  15:39  Nexus  
  115  15:46  Pylon  
  90  18:05  Gateway  
  90  18:08  Gateway  
Tags
 
Add a new tag
Caveats
  • Supply blocks, unpowered buildings, or Contaminate may cause inaccurate times.
  • Supply counts are checked every 10 seconds.